 Dungeon Crawl Stone Soup version 0.30.0-5-g1a98f26d00 (webtiles) character file.

Game seed: 9144013184414259873

28 Alexito the Charlatan (level 3, -4/28 HPs)
             Began as a Gnoll Wanderer on May 8, 2023.
             Slain by a gnoll
             ... wielding a +0 flail
              (11 damage)
             ... on level 2 of the Dungeon.
             The game lasted 00:07:33 (432 turns).

Alexito the Charlatan (Gnoll Wanderer)               Turns: 432, Time: 00:07:33

Health: -4/28      AC: 11    Str: 13    XL:     3   Next: 12%
Magic:  7/7        EV:  6    Int: 14    God:
Gold:   30         SH:  6    Dex:  8    Spells: 6/7 levels left

rFire   . . .        f - +1 short sword
rCold   . . .        c - +2 buckler
rNeg    . . .        i - +0 chain mail
rPois   .            (no helmet)
rElec   .            g - +0 cloak
rCorr   .            (no gloves)
SInv    .            (no boots)
Will    .....        (no amulet) Stlth
                     (no ring)
HPRegen 0.24/turn    (no ring)
MPRegen 0.10/turn

%: no passive effects
@: no status effects
A: fangs 1, strong nose, distributed training, iridescent scales 1, wild magic 1
a: no special abilities


You were on level 2 of the Dungeon.
You visited 1 branch of the dungeon, and saw 2 of its levels.

You collected 30 gold pieces.

Inventory:

Hand Weapons
 a - a +0 dagger
 f - a +1 short sword (weapon)
Missiles
 b - 6 boomerangs (quivered)
Armour
 c - a +2 buckler (worn)
 g - a +0 cloak (worn)
 i - a +0 chain mail (worn)
Magical Staves
 h - a staff of cold
Scrolls
 d - a scroll of summoning


   Skills:
 + Level 2.6 Fighting
 + Level 0.7 Short Blades
 + Level 0.7 Long Blades
 + Level 0.7 Axes
 + Level 0.7 Maces & Flails
 + Level 0.7 Polearms
 + Level 0.7 Staves
 + Level 0.7 Ranged Weapons
 + Level 2.6 Throwing
 + Level 0.7 Armour
 + Level 0.7 Dodging
 + Level 2.3 Stealth
 + Level 4.5 Shields
 + Level 0.7 Unarmed Combat
 + Level 2.8 Spellcasting
 + Level 0.5 Conjurations
 + Level 0.5 Hexes
 + Level 0.5 Summonings
 + Level 0.5 Necromancy
 + Level 0.5 Translocations
 + Level 0.5 Transmutations
 + Level 0.5 Fire Magic
 + Level 0.5 Ice Magic
 + Level 0.5 Air Magic
 + Level 0.5 Earth Magic
 + Level 3.7 Poison Magic
 + Level 0.9 Invocations
 + Level 4.5 Evocations


You had 6 spell levels left.
You knew the following spells:

 Your Spells              Type           Power      Damage    Failure   Level
a - Sting                 Tmut/Pois      40%        1d5       97%         1

Your spell library contained the following spells:

 Spells                   Type           Power      Damage    Failure   Level
 Ensorcelled Hibernation  Hex/Ice        8%         N/A       100%        2
 Passwall                 Tmut/Erth      3%         N/A       100%        2
 Mephitic Cloud           Conj/Pois/Air  8%         N/A       100%        3
 Swiftness                Air            4%         N/A       100%        3


Dungeon Overview and Level Annotations

Branches:
Dungeon (2/15)

Altars:


Innate Abilities, Weirdness & Mutations

You have very sharp teeth.
Your uncanny sense of smell can sniff out nearby items.
Your experience applies equally to all skills.
You are partially covered in iridescent scales. (AC +2)
Your spells are a little harder to cast, but a little more powerful.


Message History

The ball python closely misses you.
You see here a scroll labelled DOBRODAESS.
As you read the scroll labelled DOBRODAESS, it crumbles to dust.
It is a scroll of enchant weapon.
Your +0 short sword glows red for a moment.
You block the ball python's attack. The ball python grabs you.
The ball python constricts you.
You hit the ball python.
You kill the ball python!
The gnoll hits you but does no damage.
You barely miss the gnoll. The gnoll hits you but does no damage.
The gnoll barely misses you.
You closely miss the gnoll. You bite the gnoll, but do no damage.
The gnoll hits you but does no damage. You block the gnoll's attack.
You hit the gnoll.
The gnoll is moderately wounded.
The gnoll hits you but does no damage. You block the gnoll's attack.
The gnoll hits you but does no damage.
You closely miss the gnoll.
The gnoll is moderately wounded.
The gnoll hits you with a +0 club. The gnoll hits you but does no damage.
The gnoll barely misses you.
You hit the gnoll.
The gnoll is heavily wounded.
The gnoll hits you but does no damage. x2; The gnoll barely misses you.
The gnoll hits you from afar with a +0 spear.
You closely miss the gnoll. Your bite misses the gnoll.
The gnoll is heavily wounded.
The gnoll hits you with a +0 flail. The gnoll barely misses you.
You block the gnoll's attack. The gnoll attacks as you move away!
The gnoll hits you with a +0 club. The gnoll attacks as you move away!
The gnoll barely misses you. The gnoll attacks as you move away!
The gnoll hits you with a +0 flail. The gnoll attacks as you move away!
You block the gnoll's attack. The gnoll attacks as you move away!
The gnoll hits you with a +0 flail.
* * * LOW HITPOINT WARNING * * *
You closely miss the gnoll. You hit the gnoll but do no damage.
The gnoll hits you but does no damage.
You closely miss the gnoll. The gnoll hits you with a +0 flail!
You die...

#......##+### #######
#......#....######..)...
#......#......g..#......
#......#...#####.#......
#......#g..# #.g......
#.....g..######.......
#....g#...............
#....g#...............
#....@#.............##
#.....#.........###.##
#.....#.........# #..#
#.....#.........# ##..
#.....#......... ##.
#.....# ..... #. #.....#
#. #.....# ##


You could see 4 gnolls.

Vanquished Creatures
  An adder (D:2)
  An endoplasm (D:2)
  2 giant cockroaches (D:1)
  2 goblins
  2 jackals (D:1)
  2 kobolds (D:1)
  3 ball pythons
  A bat (D:1)
  A frilled lizard (D:1)
  4 rats (D:1)
19 creatures vanquished.

Notes
Turn   | Place    | Note
-------+----------+-------------------------------------------
     0 | D:1      | Alexito the Gnoll Wanderer began the quest for the Orb.
     0 | D:1      | Alexito set off with the following items: a +0 dagger, 6
                  | boomerangs, a +2 buckler, a scroll of summoning, a +0
                  | leather armour; and the following spell memorised: Sting;
                  | and the following spells available to memorise: Mephitic
                  | Cloud.
     0 | D:1      | Reached XP level 1. HP: 17/17 MP: 4/4
    57 | D:1      | Gained mutation: Your spells are a little harder to cast,
                  | but a little more powerful. [potion of mutation]
    57 | D:1      | Gained mutation: You are partially covered in iridescent
                  | scales. (AC +2) [potion of mutation]
    99 | D:1      | Reached XP level 2. HP: 23/23 MP: 5/5
   357 | D:2      | Reached XP level 3. HP: 28/28 MP: 7/7
   432 | D:2      | Slain by a gnoll

Illustrated notes

Levels and vault maps discovered:
D:1:      psy_arrival_basics, layout_basic,
          hellmonk_ecumenical_altar_prayer_group, minmay_strange_pillars
D:2:      layout_basic, serial_glass, glass_columns_a, glass_columns_b,
          glass_columns_a, glass_columns_a

Action                     || total
---------------------------++-------
  Melee: Staff             ||    27
         Dagger            ||     9
         Short sword       ||    72
         Bite              ||    14
    Use: Potion            ||     2
         Scroll            ||     4
 Armour: Leather armour    ||    48
         Chain mail        ||    34
  Dodge: Dodged            ||    80
  Block: Buckler           ||    58
